 Dungeon Crawl Stone Soup version 0.22-a0-412-g2b68d14 (webtiles) character file.

20 grindst0ne the Charlatan (level 3, 0/28 HPs)
             Began as a Human Artificer on May 12, 2018.
             Slain by a hobgoblin (3 damage)
             ... led by Robin
             ... on level 2 of the Dungeon.
             The game lasted 00:01:35 (1488 turns).

grindst0ne the Charlatan (Human Artificer)          Turns: 1488, Time: 00:01:36

Health: 0/28       AC:  6    Str: 13    XL:     3   Next: 0%
Magic:  5/5        EV:  9    Int: 11    God:
Gold:   73         SH:  3    Dex: 13    Spells: 2/2 levels left

rFire    . . .     SeeInvis .   a - +0 short sword
rCold    . . .     Gourm    .   n - +0 buckler
rNeg     . . .     Faith    .   l - +0 scale mail
rPois    .         Spirit   .   (no helmet)
rElec    .         Reflect  .   (no cloak)
rCorr    .         Harm     .   (no gloves)
MR       .....                  (no boots)
Stlth    ..........             (no amulet)
HPRegen  0.09/turn              (no ring)
MPRegen  0.09/turn              (no ring)

@: hasted, very quick
A: no striking features
a: no special abilities


You were on level 2 of the Dungeon.
You were near starving.

You visited 1 branch of the dungeon, and saw 2 of its levels.

You collected 73 gold pieces.

Inventory:

Hand Weapons
 a - a +0 short sword (weapon)
Missiles
 o - 7 needles of paralysis
Armour
 b - a +0 leather armour
 l - a +0 scale mail (worn)
 n - a +0 buckler (worn)
Wands
 c - a wand of flame (15)
 d - a wand of enslavement (15)
 e - a wand of random effects (15)
Scrolls
 i - 2 scrolls of remove curse
 k - 3 scrolls of identify {unknown}
 q - a scroll of random uselessness {unknown}
Potions
 j - a potion of agility {unknown}
 m - a potion of brilliance {unknown}
 p - a potion of curing {unknown}
Comestibles
 f - 4 rations


   Skills:
 + Level 2.3 Fighting
 - Level 1.0 Short Blades
 - Level 2.0 Dodging
 - Level 1.0 Stealth
 + Level 0.9 Shields
 - Level 3.0 Evocations


You had 2 spell levels left.
You didn't know any spells.
Your spell library was empty.

Dungeon Overview and Level Annotations

Branches:
Dungeon (2/15)

Altars:

Annotations:
D:2 Robin


Message History

* * * LOW HITPOINT WARNING * * *
You closely miss the goblin. The goblin hits you but does no damage.
The hobgoblin barely misses you.
Robin roars a battlecry!
The goblins go into a battle-frenzy!
The goblin hits you but does no damage. The goblin completely misses you.
A goblin comes into view.
You barely miss the goblin.
The goblin shouts!
The hobgoblin no longer looks unusually strong.
The hobgoblin hits you but does no damage.
The hobgoblin hits you.
* * * LOW HITPOINT WARNING * * *
The goblin hits you.
* * * LOW HITPOINT WARNING * * *
The goblin hits you.
* * * LOW HITPOINT WARNING * * *
It was a potion of haste.
You feel yourself speed up. The hobgoblin barely misses you.
The hobgoblin hits you.
You die...

..... . ...# .....§
..g########...#..
......§.ggg..g..........
......§g..###g.#.#.......#.#.#..
####.... ##g#K# .#.#.#.#.#.
#.....####g#g# .........
..........wJg# ...#.#.###
.........##gg#######.#.#....
≈[......J##g@##..........#
.≈.......###g##.#........#
.≈..≈≈...≈ #.............##
≈..≈..≈..≈≈#..#.#.#.#.....#
≈...≈.⌠≈..≈..≈≈#...........##.#
≈..≈.[≈⌠.≈...≈≈#..#.#.#.#..##.###
≈..≈..≈..≈..≈≈ #.................
≈...≈≈..≈..≈≈≈##..#)#.#.#..###.#.
#.......≈..≈.##..................


You could see a worm, Robin, an ooze, 2 hobgoblins, 7 goblins and a kobold.

Vanquished Creatures
  A dart slug (D:2)
  A ball python (D:2)
  A bat (D:1)
  A giant cockroach (D:1)
  2 goblins
  4 hobgoblins
  3 frilled lizards
  A kobold (D:1)
  3 rats (D:1)
17 creatures vanquished.

Notes
Turn   | Place    | Note
-------+----------+-------------------------------------------
     0 | D:1      | grindst0ne the Human Artificer began the quest for the Orb.
     0 | D:1      | Reached XP level 1. HP: 15/15 MP: 3/3
   229 | D:1      | Reached XP level 2. HP: 22/22 MP: 4/4
  1468 | D:2      | Noticed Robin
  1480 | D:2      | Reached XP level 3. HP: 9/28 MP: 5/5
  1488 | D:2      | Slain by a hobgoblin

Vault maps used:
D:1:      dpeg_arrival_boxes_within_box, serial_forest,
          infiniplex_forest_lined_2, infiniplex_forest_clump_diagonal,
          infiniplex_forest_zigzag_2, infiniplex_forest_lined_3_way,
          infiniplex_forest_lined_2, infiniplex_forest_clump_cross,
          infiniplex_forest_lined_2, minmay_misc_feat_iff
D:2:      cheibrodos_helix_gallery, grunt_dithmenos_smoke, serial_glass,
          glass_columns_c, glass_columns_c, uniq_robin

Skill      XL: |  1  2 |
---------------+-------+-----
Fighting       | 2 |  2.3
Short Blades   | |  1.0
Dodging        | |  2.0
Stealth        | |  1.0
Shields        | |  0.9
Evocations     | |  3.0

Action                   || total
-------------------------++-------
Melee: Short sword       ||    65
  Use: Potion            ||     2
       Scroll            ||     1
Armor: Leather armour    ||     9
       Scale mail        ||    16
Dodge: Dodged            ||    38
Block: Buckler           ||     8

Table legend:
 A = Spawn XP
 B = Non-spawn XP
 C = Spawn XP percentage of total XP
 D = Spawn monster count
 E = Non-spawn monster count
 F = Spawn count percentage of total count
 G = Total turns spent on level
                    A         B        C        D         E        F      G
               +---------+---------+-------+---------+---------+-------+---------
         Total |       0 |      29 |   0.0 |       0 |      17 |   0.0 |  1488
               +---------+---------+-------+---------+---------+-------+---------
           D:1 |       0 |      14 |   0.0 |       0 |      10 |   0.0 |   986
           D:2 |       0 |      15 |   0.0 |       0 |       7 |   0.0 |   502
               +---------+---------+-------+---------+---------+-------+---------
